 Dungeon Crawl Stone Soup version 0.32-a0-360-gcd93b57ba1 (webtiles) character file.

Game seed: 14081325759136461321

161 Goblin1989 the Chopper (level 5, -7/38 HPs)
             Began as a Coglin Gladiator on Feb 18, 2024.
             Engulfed by a cloud of poison gas (8 damage)
             ... on level 3 of the Dungeon.
             The game lasted 00:02:31 (2028 turns).

Goblin1989 the Chopper (Coglin Gladiator)           Turns: 2028, Time: 00:02:32

Health: -7/38      AC:  8    Str: 16    XL:     5   Next: 42%
Magic:  5/5        EV: 11    Int:  8    God:
Gold:   57         SH:  0    Dex: 15    Spells: 4/4 levels left

rFire   . . .        a - +0 war axe {Bonhwa}
rCold   . . .        (no shield)
rNeg    . . .        l - +0 ring mail
rPois   .            c - +0 helmet
rElec   .            k - +1 cloak
rCorr   .            (no gloves)
SInv    .            (no boots)
Will    .....        (no amulet)
Stlth   +            (no ring)
HPRegen 0.26/turn    (no ring)
MPRegen 0.09/turn

%: no passive effects
@: lethally poisoned (-7 -> -20), revving
A: off-hand wielding, slow wielding, warmup strikes, warmup strides
a: no special abilities


You were on level 3 of the Dungeon.
You visited 1 branch of the dungeon, and saw 3 of its levels.

You collected 57 gold pieces.

Inventory:

Hand Weapons
 a - a +0 war axe (weapon) {Bonhwa}
Missiles
 d - 3 throwing nets (quivered) {!d , @Q1}
 e - a javelin
Armour
 c - a +0 helmet (worn)
 k - a +1 cloak (worn)
 l - a +0 ring mail (worn)
Scrolls
 i - a scroll of amnesia {unknown}
Potions
 f - a potion of resistance {unknown}
 g - 2 potions of curing {unknown}
 j - a potion of enlightenment {unknown}
 m - a potion of might {unknown}
 n - a potion of ambrosia {unknown}


   Skills:
 - Level 2.0 Fighting
 + Level 5.9 Axes
 - Level 1.7 Throwing
 - Level 2.6 Dodging


You had 4 spell levels left.
You didn't know any spells.
Your spell library was empty.

Dungeon Overview and Level Annotations

Branches:
Dungeon (3/15) Zot: 15871

Altars:

Annotations:
D:3 1 runed translucent door, Crazy Yiuf


Innate Abilities, Weirdness & Mutations

You can wield a second weapon in your off-hand.
It takes a long time for you to wield or remove held weapons.
Your first few attacks do less damage.
Your first movements take longer.


Message History

No target in view!
No target in view!
No target in view!
No target in view!
No target in view!
No target in view!
No target in view!
No target in view!
No target in view!
No target in view!
No target in view!
No target in view!
No target in view!
A goblin comes into view. It is wielding a +0 club.
Found a stone staircase leading down.
A goblin is nearby!
A goblin is nearby!
A gnoll comes into view. It is wielding a +0 flail.
A gnoll comes into view. It is wielding a +0 halberd.
The gnoll shouts!
You hear a shout!
The goblin hits you with a +0 club.
You take 1 damage, and have 37/38 hp.
You slash the goblin!
You kill the goblin!
You slash the gnoll!
The gnoll is severely wounded.
The gnoll completely misses you. The gnoll barely misses you.
Health restored: 38 You barely miss the gnoll.
The gnoll is severely wounded.
A gnoll comes into view. It is wielding a +0 spear.
The gnoll hits you but does no damage. The gnoll barely misses you.
You closely miss the gnoll.
The gnoll is severely wounded.
The gnoll closely misses you. x2; The gnoll barely misses you.
The gnoll completely misses you.
You barely miss the gnoll.
The gnoll is severely wounded.
The gnoll completely misses you. The gnoll closely misses you.
The gnoll barely misses you.
You barely miss the gnoll.
The gnoll is severely wounded.
The gnoll hits you from afar with a +0 spear.
The gnoll hits you with a +0 flail. The gnoll closely misses you.
You take 9 damage, and have 29/38 hp.
MASSIVE DAMAGE!!
You barely miss the gnoll.
The gnoll is severely wounded.
The gnoll hits you from afar with a +0 spear.
The gnoll hits you but does no damage.
The gnoll hits you from afar with a +0 halberd!
* * * LOW HITPOINT WARNING * * *
You are too injured to fight recklessly!
You are too injured to fight recklessly!
You take 14 damage, and have 15/38 hp.
MASSIVE DAMAGE!!
You are too injured to fight recklessly!
You are too injured to fight recklessly!
You are too injured to fight recklessly!
You are too injured to fight recklessly!
You are too injured to fight recklessly!
You are too injured to fight recklessly!
You are too injured to fight recklessly!
You are too injured to fight recklessly!
You are too injured to fight recklessly!
You are too injured to fight recklessly!
You are too injured to fight recklessly!
You are too injured to fight recklessly!
You are too injured to fight recklessly!
You are too injured to fight recklessly!
You are too injured to fight recklessly!
You are too injured to fight recklessly!
You are too injured to fight recklessly!
You are too injured to fight recklessly!
You are too injured to fight recklessly!
You hit the gnoll.
The gnoll is almost dead.
The gnoll hits you but does no damage. The gnoll barely misses you. x2
You hit the gnoll.
You kill the gnoll!
The gnoll hits you but does no damage.
The gnoll hits you from afar with a +0 halberd!
* * * LOW HITPOINT WARNING * * *
The gnoll hits you but does no damage. The gnoll barely misses you.
You take 12 damage, and have 3/38 hp.
MASSIVE DAMAGE!!
The gnoll hits you but does no damage. The gnoll closely misses you.
Things that are here:
a +0 flail; a gnoll corpse The gnoll attacks as it pursues you!
The gnoll hits you from afar with a +0 halberd.
* * * LOW HITPOINT WARNING * * *
You take 3 damage, and have 1/38 hp.
The gnoll attacks as it pursues you! The gnoll misses you.
The air fills with toxic fumes!
As you read the scroll labelled LYPNI ZATYXOCI, it crumbles to dust.
It was a scroll of poison.
There are monsters nearby!
Okay, then.
Unknown command.
You are engulfed in poison gas.
You are lethally poisoned!
You die...

████...███████.█
█ █.)..█ █..█.█
█ ██..██
██.█.███ ♣.)..♣
█....§§█ ♣...♣♣
█..█.█§█ ♣♣.♣♣
█..█.█§█ ♣.♣♣
█..█.█§█ ♣♣.♣
█..█.█§█ ♣.♣♣
█..█.█@█ ♣♣.♣
█..█.█.█ █▲█
█..█.█§█ ...
█.█g█ █...█
█.█§█ █..)█ █
█.█g█


█████ █..█.█§████ █.>..§§§..█ █....§§§..█ You could see 2 gnolls.

Vanquished Creatures
  5 gnolls
  4 adders (D:2)
  2 ball pythons (D:1)
  4 bats
  2 endoplasms
  6 giant cockroaches
  4 goblins
  3 hobgoblins
  6 kobolds
  4 quokkas
  4 frilled lizards
  A rat (D:2)
45 creatures vanquished.

Notes
Turn   | Place    | Note
-------+----------+-------------------------------------------
     0 | D:1      | Goblin1989 the Coglin Gladiator began the quest for the
                  | Orb.
     0 | D:1      | Reached XP level 1. HP: 16/16 MP: 1/1
    73 | D:1      | Reached XP level 2. HP: 22/22 MP: 2/2
   259 | D:1      | Reached skill level 4 in Axes
   296 | D:1      | Reached XP level 3. HP: 25/27 MP: 3/3
  1171 | D:2      | Reached XP level 4. HP: 33/33 MP: 4/4
  1480 | D:2      | Reached skill level 5 in Axes
  1645 | D:2      | Reached XP level 5. HP: 37/38 MP: 5/5
  1970 | D:3      | Found a runed translucent door.
  1971 | D:3      | Noticed Crazy Yiuf
  2024 | D:3      | HP: 1/38 [gnoll/+0 halberd (4)]
  2028 | D:3      | Engulfed by a cloud of poison gas

Illustrated notes

Levels and vault maps discovered:
D:1:      dpeg_arrival_water_temple_mockup, layout_basic
D:2:      layout_loops_corners
D:3:      layout_basic, uniq_ijyb, uniq_crazy_yiuf_cottage

Skill      XL: |  1  2  3  4 |
---------------+-------------+-----
Axes           | 4 5 |  5.9
Fighting       | |  2.0
Throwing       | |  1.7
Dodging        | |  2.6

Action                     |  1- 3 |  4- 6 || total
---------------------------+-------+-------++-------
  Melee: War axe           |    67 |    67 ||   134
    Use: Scroll            |       |     1 ||     1
 Armour: Leather armour    |    43 |       ||    43
         Ring mail         |     7 |    46 ||    53
  Dodge: Dodged            |    64 |    54 ||   118

Table legend: (Time is in decaauts)
 A = Elapsed time spent in this place.
 B = Non-inter-level travel time spent in this place.
 C = Inter-level travel time spent in this place.
 D = Time resting spent in this place.
 E = Time spent auto-exploring this place.
 F = Levels seen in this place.
 G = Mean time per level.
                   A        B        C        D        E       F      G
               +--------+--------+--------+--------+--------+-----+--------+
         Total |   2129 |   2012 |    117 |      0 |   1656 |   3 |  709.7 |
       Dungeon |   2129 |   2012 |    117 |      0 |   1656 |   3 |  709.7 |
               +--------+--------+--------+--------+--------+-----+--------+

Top non-repeatable levels by time:
     D:2: 1023 daAuts
     D:1: 1021 daAuts
     D:3: 83 daAuts
